 Dungeon Crawl Stone Soup version 0.19-a0-1553-g64c24c3 (webtiles) character file.

38 jacquesderrida the Skirmisher (level 3, -2/23 HPs)
             Began as a Vine Stalker Wanderer on Sept 15, 2016.
             Slain by an orc wizard
             ... wielding a +0 dagger
              (3 damage)
             ... on level 3 of the Dungeon.
             The game lasted 00:01:50 (588 turns).

jacquesderrida the Skirmisher (VSWn)                 Turns: 588, Time: 00:01:51

Health: -2/23      AC:  4    Str: 13    XL:     3   Next: 43%
Magic:  0/4        EV: 12    Int: 11    God:
Gold:   18         SH:  0    Dex: 14    Spells: 0 memorised, 2 levels left

rFire  . . .     SeeInvis .     a - +2 hand crossbow
rCold  . . .     Gourm    .     f - +0 robe
rNeg   . . .     Faith    .     (no shield)
rPois  .         Spirit   +     (no helmet)
rElec  .         Dismiss  .     k - +1 cloak
rCorr  .         Reflect  .     (no gloves)
MR     .....     Harm     .     (no boots)
Stlth  +.........               (no amulet)
                                (no ring)
                                (no ring)

@: flying
A: fangs 2, hooves 1, weak 1, magic shield, antimagic bite, no device heal 3,
rot immunity, subdued magic 1
a: no special abilities


You were on level 3 of the Dungeon.
You were not hungry.

You visited 1 branch of the dungeon, and saw 3 of its levels.

You collected 18 gold pieces.

Inventory:

Hand Weapons
 a - a +2 hand crossbow (weapon)
 c - a +0 shortbow
Missiles
 b - 9 bolts (quivered)
 d - 23 arrows
Armour
 f - a +0 robe (worn)
 k - a +1 cloak (worn)
Jewellery
 l - an uncursed ring of ice
Scrolls
 e - a scroll of teleportation
 i - a scroll of blinking {unknown}
 m - a scroll of immolation {unknown}
 n - a scroll of magic mapping {unknown}
Comestibles
 g - a bread ration


   Skills:
 - Level 5.4 Fighting
 - Level 1.0 Crossbows
 - Level 1.0 Armour
 + Level 1.3 Dodging
   Level 1.7 Shields
 * Level 2.2 Unarmed Combat


You had 2 spell levels left.
You didn't know any spells.

Dungeon Overview and Level Annotations

Branches:
Dungeon (3/15)

Altars:


Innate Abilities, Weirdness & Mutations

You have extremely sharp teeth.
When hurt, damage is shared between your health and your magic reserves.
Your bite disrupts and absorbs the magic of your enemies.
Potions and wands cannot restore your health.
You are immune to rotting.
You have large cloven feet.
You are weak. (Str -2)
Your spells are a little easier to cast, but a little less powerful.


Message History

Firing (i - inventory):
b - 10 bolts (quivered)
Press: ? - help, Shift-Dir - straight line, f/p - orc wizard
Aim: an orc wizard, wielding a dagger and wearing a robe (fast)
You shoot a bolt. The bolt hits the orc wizard!
The orc wizard is heavily wounded.
The orc wizard hits you with a dagger.
The orc wizard gestures at you while chanting.
The puff of flame hits you!
* * * LOW HITPOINT WARNING * * *
It was a potion of flight.
You feel very buoyant.
You fly up into the air.
The orc wizard hits you with a dagger.
* * * LOW HITPOINT WARNING * * *
It was a potion of mutation.
You feel extremely strange.
You feel weaker.
Your connection to magic feels subdued.
Your feet thicken and deform.
The orc wizard hits you with a dagger.
* * * LOW HITPOINT WARNING * * *
The orc wizard hits you with a dagger.
You die...

##.!. # ....
..##..( ......(##
...>....# #.#
..(...#.# #.# .
........########.#
##.# #
#.ooooo@.##.##.. .
#.######.##.... #
#. #.##..# #$
#..#..##### # #.
##........# # #.
###.)###.#### ##
## #..# #....###.
##..######.#...
###.....##.......


You could see an orc wizard and 4 orcs.

Vanquished Creatures
  3 worms (D:2)
  A dart slug (D:1)
  An orc (D:3)
  2 bats (D:1)
  2 giant cockroaches
  4 goblins
  3 hobgoblins
  4 frilled lizards
  A kobold (D:2)
  7 rats
28 creatures vanquished.

Notes
Turn   | Place    | Note
-------+----------+-------------------------------------------
     0 | D:1      | jacquesderrida the Vine Stalker Wanderer began the quest for the Orb.
     0 | D:1      | jacquesderrida set off with: a +2 hand crossbow, 24 bolts, a +0 shortbow, 23 arrows, a scroll of teleportation, a +0 robe, a bread ration
     0 | D:1      | Reached XP level 1. HP: 14/14 MP: 2/2
   241 | D:1      | Reached skill level 1 in Unarmed Combat
   241 | D:1      | Reached XP level 2. HP: 18/18 MP: 3/3
   273 | D:2      | Reached skill level 1 in Dodging
   432 | D:2      | Reached XP level 3. HP: 22/23 MP: 4/4
   588 | D:3      | Gained mutation: You are weak. (Str -2) [potion of mutation]
   588 | D:3      | Gained mutation: Your spells are a little easier to cast, but a little less powerful. [potion of mutation]
   588 | D:3      | Gained mutation: You have large cloven feet. [potion of mutation]
   588 | D:3      | HP: 1/23 [orc wizard/dagger (1)]
   588 | D:3      | Slain by an orc wizard

Vault maps used:
D:1:      dpeg_arrival_radiant
D:3:      nicolae_dithmenos_shadow_blocks, lemuel_round_altar

Skill      XL: |  1  2  3 |
---------------+----------+-----
Unarmed Combat | 1 2 |  2.2
Dodging        | 1 |  1.3
Fighting       | |  5.4
Crossbows      | |  1.0
Armour         | |  1.0
Shields        | |  1.7

Action                   || total
-------------------------++-------
 Fire: Hand crossbow     ||    60
  Use: Potion            ||     2
Armor: Robe              ||     5
Dodge: Dodged            ||     9
